 Dungeon Crawl Stone Soup version 0.19-a0-860-g5c370dd (webtiles) character file.

17805 George the Pandemonic (level 12, -3/97 HPs)
             Began as a Demonspawn Gladiator on July 2, 2016.
             Was a High Priest of Makhleb.
             Slain by a tentacled starspawn (11 damage)
             ... on level 1 of the Abyss.
             The game lasted 00:42:06 (13700 turns).

George the Pandemonic (Demonspawn Gladiator)       Turns: 13700, Time: 00:42:07

Health: -3/97      AC: 29    Str: 20    XL:     12   Next: 22%
Magic:  0/21       EV:  4    Int: 14    God:    Makhleb [*****.]
Gold:   686        SH:  0    Dex: 13    Spells: 0 memorised, 11 levels left

rFire  . . .     SeeInvis +     D - +2 great sword (freeze)
rCold  . . .     Gourm    .     P - +8 orange crystal plate armour {Archmagi, Int+3 Clar SustAt}
rNeg   . . .     Faith    +     (shield currently unavailable)
rPois  .         Spirit   +     (helmet restricted)
rElec  .         Dismiss  .     M - +0 cloak
rCorr  .         Reflect  .     (no gloves)
SustAt +         Harm     .     (no boots)
MR     +....     Clarity  +     Q - amulet of faith
Stlth  ..........               X - ring of see invisible
                                A - ring of protection from magic

@: somewhat resistant to hostile enchantments, extremely unstealthy
A: claws 1, horns 1, talons 2, foul stench 2, magic shield, rot immunity
a: Minor Destruction, Lesser Servant of Makhleb, Major Destruction, Greater
Servant of Makhleb, Renounce Religion


You were on level 1 of the Abyss.
You worshipped Makhleb.
Makhleb was extremely pleased with you.
You were not hungry.

You visited 2 branches of the dungeon, and saw 12 of its levels.
You visited the Abyss 1 time.
You also visited: Ice Cave.

You collected 686 gold pieces.

Inventory:

Hand Weapons
 D - a +2 great sword of freezing (weapon)
 Y - a +1 scimitar of flaming
Missiles
 d - 5 throwing nets (quivered)
Armour
 z - a +2 large shield of cold resistance
 M - a +0 cloak (worn)
 P - the +8 orange crystal plate armour (worn) {Archmagi, Int+3 Clar SustAt}
   (You found it on level 4 of the Dungeon)

   It affects your intelligence (+3).
   It sustains your strength, intelligence and dexterity.
   It protects you against confusion.
Jewellery
 A - a ring of protection from magic (left claw)
 N - an uncursed ring of fire
 Q - an amulet of faith (around neck)
 X - a ring of see invisible (right claw)
Wands
 J - a wand of polymorph (13/24)
 S - a wand of confusion (4/48)
 V - a wand of digging (6/24)
Scrolls
 G - a scroll of recharging
 L - 3 scrolls of remove curse
 O - 2 scrolls of fear
 W - a scroll of amnesia
 Z - 2 scrolls of enchant armour
Potions
 o - 3 potions of curing
 q - 4 potions of might
 w - a potion of magic {unknown}
 x - 2 potions of heal wounds
 C - a potion of invisibility
 E - 2 potions of brilliance {unknown}
 F - 7 potions of flight
 H - 4 potions of mutation
 I - 3 potions of agility {unknown}
 K - 2 potions of berserk rage {unknown}
 T - a potion of lignification {unknown}
Comestibles
 f - 5 bread rations
 v - a meat ration


   Skills:
 + Level 10.0 Fighting
 + Level 10.7 Long Blades
 - Level 1.7 Throwing
 + Level 8.9 Armour
 - Level 2.6 Dodging
 + Level 12.3 Invocations


You had 11 spell levels left.
You didn't know any spells.

Dungeon Overview and Level Annotations

Branches:
Dungeon (12/15)            Temple (1/1) D:4            Lair (0/6) D:8
    Orc (0/2) D:11

Altars:
Ashenzari
Cheibriados
Dithmenos
Elyvilon
Fedhas
Hepliaklqana
Kikubaaqudgha
Makhleb
Nemelex Xobeh
Okawaru
Pakellas
Qazlal
Ru
Sif Muna
Trog
Vehumet
Xom
Yredelemnul
Zin
The Shining One

Shops:
D:4 :?:%   D:9 [

Annotations:
D:8 Jalan's ghost, novice TeCj


Innate Abilities, Weirdness & Mutations

You have sharp fingernails.
You have a pair of small horns on your head.
You have razor-sharp toenails.
You frequently emit foul miasma when damaged in melee.
When hurt, damage is shared between your health and your magic reserves.
You are immune to rotting.


Message History

You slash the tentacled starspawn! You freeze the tentacled starspawn.
The tentacled starspawn is severely damaged.
The tentacled starspawn bites you!
* * * LOW HITPOINT WARNING * * *
The tentacled starspawn engulfs you but does no damage.
Your orange crystal plate armour prevents you from hitting the tentacled starspawn.
The tentacled starspawn is severely damaged.
The tentacled starspawn bites you but does no damage.
The tentacled starspawn engulfs you!
* * * LOW HITPOINT WARNING * * *
You hit the tentacled starspawn but do no damage.
You claw the tentacled starspawn.
The tentacled starspawn is severely damaged.
Your orange crystal plate armour prevents you from hitting the tentacled starspawn.
You claw the tentacled starspawn, but do no damage.
The tentacled starspawn is severely damaged.
The tentacled starspawn bites you!
* * * LOW HITPOINT WARNING * * *
The tentacled starspawn engulfs you!
You die...

. # . . # # ..#.#
...# .. # . ## #.#.
.# .#.#..###### #.#
# .. .. ##.#.# #
..##. .#.##.. .# #.
## ##.###..# .
.#.#.......)#####.#
. ..### #.##.@Xw.#
.##.. # #.# #.#####
####. ## ### ##..
.. .. ##.# ##


You could see a tentacled starspawn and a starspawn tentacle.

Vanquished Creatures
  2 tentacled starspawn (Abyss:1)
  A frost giant (IceCv)
  An unseen horror (D:11)
  An ugly thing (D:11)
  An ice statue (IceCv)
  A gargoyle (D:12)
  The ghost of George the Carver, a novice MiFi of the Shining One (D:5)
  An efreet (Abyss:1)
  14 polar bears (IceCv)
  A raiju (Abyss:1)
  A shadow (D:11)
  12 yaks (IceCv)
  Sigmund (D:5)
  The ghost of Ladykiller69 the Shield-Bearer, an amateur FoFi (D:4)
  A neqoxec (Abyss:1)
  A hungry ghost (D:8)
  A hippogriff (D:11)
  Menkaure (D:5)
  Duvessa (D:5)
  A black bear (D:7)
  5 orc warriors
  4 sky beasts
  4 ogres
  8 wolves (IceCv)
  4 centaurs
  Blork the orc (D:5)
  4 big kobolds
  5 giant frogs
  A gnoll sergeant (D:11)
  Dowan (D:4)
  3 killer bees (D:8)
  A scorpion (D:4)
  4 crimson imps
  2 giant frog zombies (D:8)
  A quasit (Abyss:1)
  A hound (D:5)
  Crazy Yiuf (D:3)
  3 centaur zombies
  A gnoll shaman (D:7)
  11 orc priests
  17 orc wizards
  Jessica (D:3)
  4 worker ants
  An iguana (D:12)
  22 gnolls
  13 adders
  3 shadow imps
  12 white imps (D:11)
  3 oozes
  An adder skeleton (D:5)
  4 worms
  3 dart slugs
  3 giant geckos
  54 orcs
  2 giant cockroaches
  11 goblins
  8 hobgoblins
  8 jackals
  A ball python (D:2)
  4 bats
  9 giant newts
  14 kobolds
  A quokka zombie (D:7)
  10 rats
  A starspawn tentacle (Abyss:1)
320 creatures vanquished.

Vanquished Creatures (others)
  14 starspawn tentacles (Abyss:1)
  37 starspawn tentacle segments (Abyss:1)
51 creatures vanquished.

Grand Total: 371 creatures vanquished

Notes
Turn   | Place    | Note
-------+----------+-------------------------------------------
     0 | D:1      | George the Demonspawn Gladiator began the quest for the Orb.
     0 | D:1      | Reached XP level 1. HP: 16/16 MP: 1/1
   489 | D:1      | Gained mutation: You are immune to rotting. [demonic ancestry]
   489 | D:1      | Reached XP level 2. HP: 20/22 MP: 2/2
   799 | D:1      | Reached XP level 3. HP: 24/27 MP: 3/3
  1262 | D:2      | Found a stormy altar of Qazlal.
  1289 | D:2      | Reached XP level 4. HP: 31/33 MP: 4/4
  1351 | D:2      | Found a glowing golden altar of the Shining One.
  1440 | D:2      | Found a hazy altar of Hepliaklqana.
  1975 | D:3      | Reached skill level 5 in Long Blades
  2195 | D:3      | Gained mutation: You have sharp fingernails. [demonic ancestry]
  2195 | D:3      | Reached XP level 5. HP: 38/38 MP: 5/5
  2245 | D:3      | Found a sacrificial altar of Ru.
  2411 | D:3      | Found an oddly glowing altar of Pakellas.
  2648 | D:3      | Found a runed door.
  3144 | D:3      | Noticed Jessica
  3150 | D:3      | Killed Jessica
  3548 | D:3      | Noticed Crazy Yiuf
  3556 | D:3      | Killed Crazy Yiuf
  3819 | D:4      | Found a staircase to the Ecumenical Temple.
  3828 | Temple   | Entered the Ecumenical Temple
  3877 | Temple   | Became a worshipper of Makhleb the Destroyer
  4060 | D:4      | Noticed an ogre
  4063 | D:4      | Gained mutation: When hurt, damage is shared between your health and your magic reserves. [demonic ancestry]
  4063 | D:4      | Reached XP level 6. HP: 43/44 MP: 6/6
  4356 | Temple   | Reached skill level 1 in Armour
  4356 | Temple   | Reached skill level 1 in Invocations
  4538 | D:4      | Reached skill level 2 in Invocations
  4617 | D:4      | Found Fazxolisi's Antique Weapon Shop.
  4617 | D:4      | Found Buwk's Magic Scroll Shop.
  4621 | D:4      | Found Juutoam's Book Shop.
  4623 | D:4      | Found Beovaas's Food Shop.
  4644 | D:4      | Found a radiant altar of Vehumet.
  4781 | D:4      | Noticed Ladykiller69's ghost (amateur FoFi)
  4856 | D:4      | Killed Ladykiller69's ghost
  4856 | D:4      | Reached XP level 7. HP: 26/51 MP: 4/9
  5010 | D:4      | Reached skill level 3 in Invocations
  5064 | D:4      | Found Sijam's Book Emporium.
  5682 | D:5      | Entered Level 5 of the Dungeon
  5695 | D:5      | Noticed Menkaure
  5852 | D:5      | Found a basalt altar of Yredelemnul.
  5852 | D:5      | Noticed George's ghost (novice MiFi)
  6031 | D:5      | Killed George's ghost
  6031 | D:5      | Reached skill level 4 in Invocations
  6031 | D:5      | Gained mutation: You have sharp toenails. [demonic ancestry]
  6031 | D:5      | Reached XP level 8. HP: 44/60 MP: 7/11
  6043 | D:5      | Killed Menkaure
  6043 | D:5      | Reached skill level 5 in Invocations
  6388 | D:5      | Noticed Duvessa
  6390 | D:5      | Noticed Dowan
  6399 | D:5      | Killed Duvessa
  6420 | D:5      | Noticed Sigmund
  6420 | D:5      | Reached * piety under Makhleb
  6446 | D:4      | Killed Dowan
  6688 | D:5      | Killed Sigmund
  6743 | D:5      | Reached skill level 5 in Fighting
  6748 | D:5      | Reached skill level 6 in Invocations
  6795 | D:5      | Noticed Blork the orc
  6808 | D:5      | Killed Blork the orc
  7177 | D:6      | Gained mutation: You have razor-sharp toenails. [demonic ancestry]
  7177 | D:6      | Reached XP level 9. HP: 60/68 MP: 9/13
  7320 | D:6      | Reached ** piety under Makhleb
  7458 | D:6      | Reached skill level 7 in Invocations
  7919 | D:7      | Reached *** piety under Makhleb
  7985 | D:7      | Reached skill level 5 in Armour
  8187 | D:7      | Found an ancient bone altar of Kikubaaqudgha.
  8201 | D:7      | Found a snail-covered altar of Cheibriados.
  8436 | D:8      | Reached skill level 8 in Invocations
  9067 | D:7      | Reached **** piety under Makhleb
  9378 | D:8      | Noticed Jalan's ghost (novice TeCj)
  9698 | D:8      | Found a staircase to the Lair.
  9845 | D:8      | Gained mutation: You may emit foul miasma when damaged in melee. [demonic ancestry]
  9845 | D:8      | Reached XP level 10. HP: 67/77 MP: 13/16
  9889 | D:8      | Noticed an angel
  9890 | D:8      | Found a glowing silver altar of Zin.
  9995 | D:8      | Found a sacrificial altar of Ru.
 10704 | D:9      | Found Fany's Armour Shoppe.
 10706 | D:9      | You fall through a shaft for 3 floors!
 10740 | D:12     | Reached skill level 9 in Invocations
 10777 | D:12     | Noticed a gargoyle
 10797 | D:12     | Killed a gargoyle
 10986 | D:11     | Found a frozen archway.
 11013 | D:11     | Reached ***** piety under Makhleb
 11084 | IceCv    | Entered an ice cave
 11430 | IceCv    | Reached skill level 10 in Invocations
 11786 | IceCv    | Gained mutation: You have a pair of small horns on your head. [demonic ancestry]
 11786 | IceCv    | Reached XP level 11. HP: 86/86 MP: 15/18
 12863 | IceCv    | Noticed a frost giant
 12890 | IceCv    | HP: 3/87 [frost giant/bolt of cold (12)]
 12908 | IceCv    | Reached skill level 10 in Long Blades
 12914 | IceCv    | Killed a frost giant
 12914 | IceCv    | Reached skill level 11 in Invocations
 13342 | D:11     | Noticed a cyan ugly thing
 13375 | D:11     | Killed a cyan ugly thing
 13401 | D:11     | Noticed an unseen horror
 13419 | D:11     | Killed an unseen horror
 13493 | D:11     | Found a staircase to the Orcish Mines.
 13515 | D:11     | Cast into level 1 of the Abyss (gnoll)
 13553 | Abyss:1  | Noticed a tentacled starspawn
 13605 | Abyss:1  | Killed a tentacled starspawn
 13605 | Abyss:1  | Reached skill level 12 in Invocations
 13605 | Abyss:1  | Gained mutation: You frequently emit foul miasma when damaged in melee. [demonic ancestry]
 13605 | Abyss:1  | Reached XP level 12. HP: 77/97 MP: 13/21
 13648 | Abyss:1  | Noticed a tentacled starspawn
 13664 | Abyss:1  | Killed a tentacled starspawn
 13664 | Abyss:1  | Reached skill level 10 in Fighting
 13688 | Abyss:1  | Noticed a tentacled starspawn
 13700 | Abyss:1  | Slain by a tentacled starspawn

Vault maps used:
D:1:      grunt_arrival_lava_bath
D:2:      lemuel_round_altar, lemuel_round_altar, lemuel_round_altar,
          dk_noncrumbling_3, bh_walls_and_bars
D:3:      grunt_pakellas_basics, nicolae_ru_sacrificial_ziggurat, uniq_jessica,
          uniq_crazy_yiuf_cottage
D:4:      vehumet_altar_wand_db, first_bread, serial_shops,
          kennysheep_little_box, minmay_shop_grid_forest
D:5:      yredelemnul_altar_generic, uniq_sigmund, uniq_blork_the_orc,
          uniq_duvessa, uniq_menkaure
D:6:      hangedman_abyss_or_decor_stabs
D:7:      old_standard_altar, slow_altar_1, minmay_holes
D:8:      zin_angel, nicolae_overflow_hidden_temple, lair_0_dummy
D:9:      dancing_weapons_uskayaw, nicolae_gozag_seed_capital, serial_shops,
          shop, nicolae_shop_behind_doors, nicolae_shop_stone, shop, shop
D:11:     kennysheep_orc_monster_closet_entryway, portal_ice_cave_entry_imps,
          serial_shops, bzr_entry_safe, the_bakery
Temple:   jpeg_temple_alley_garden
IceCv:    ice_cave_small_giant

Skill      XL: |  1  2  3  4  5  6  7  8  9 10 11 12 |
---------------+-------------------------------------+-----
Long Blades    | 3 4 5 6 7 8 9 10 | 10.7
Armour         | 1 3 4 5 7 8 |  8.9
Invocations    | 2 4 6 8 10 12 | 12.3
Fighting       | 4 5 6 8 9 10 | 10.0
Throwing       | |  1.7
Dodging        | |  2.6

Action                   |  1- 3 |  4- 6 |  7- 9 | 10-12 || total
-------------------------+-------+-------+-------+-------++-------
Melee: Long sword        |   137 |    17 |       |       ||   154
       Great sword       |       |   169 |   695 |   676 ||  1540
       Unarmed           |       |     2 |       |       ||     2
       Kick              |       |       |   160 |   212 ||   372
       Headbutt          |       |       |       |    72 ||    72
Invok: Lesser Servant of |       |       |       |     3 ||     3
Evoke: Wand              |       |       |       |    25 ||    25
  Use: Scroll            |       |    11 |     4 |     4 ||    19
       Potion            |       |     1 |       |     6 ||     7
  Eat: Chunk             |     1 |    12 |    15 |    11 ||    39
       Royal jelly       |       |       |     1 |       ||     1
       Fruit             |       |       |       |     3 ||     3
       Meat ration       |       |       |       |     2 ||     2
       Pizza             |       |       |       |     2 ||     2
       Beef jerky        |       |       |       |     2 ||     2
       Bread ration      |       |       |       |     2 ||     2
Armor: Leather armour    |     5 |       |       |       ||     5
       Ring mail         |    34 |    62 |       |       ||    96
       Crystal plate arm |       |    44 |   846 |  1163 ||  2053
       Chain mail        |       |    12 |    60 |       ||    72
Dodge: Dodged            |    87 |    78 |   116 |   163 ||   444
